 Dungeon Crawl Stone Soup version 0.29-a0-648-g6b26cc9f40 (webtiles) character file.

Game seed: 1394146013395591766

98 Sabo the Chopper (level 4, 41/41 HPs)
             Began as a Hill Orc Fighter on June 20, 2022.
             Was a Believer of Ru.
             Got out of the dungeon alive.
             The game lasted 00:08:49 (1764 turns).

Sabo the Chopper (Hill Orc Fighter)                 Turns: 1764, Time: 00:08:50

Health: 41/41      AC:  8    Str: 20    XL:     4   Next: 71%
Magic:  13/13      EV:  9    Int:  8    God:    Ru [**....]
Gold:   144        SH:  4    Dex: 10    Spells: 3/3 levels left

rFire   . . .      SeeInvis .   a - +0 war axe
rCold   . . .      Faith    .   c - +0 buckler
rNeg    . . .      Spirit   .   b - +0 scale mail
rPois   .          Reflect  .   e - +0 helmet
rElec   .          Harm     .   (no cloak)
rCorr   .          Rampage  .   (no gloves)
Will    .....                   (no boots)
Stlth   ..........              (no amulet)
HPRegen 0.13/turn               n - ring of magical power
MPRegen 0.13/turn               (no ring)

@: no status effects
A: inability to use devices
a: Renounce Religion


You escaped.
You worshipped Ru.
Ru was pleased with you.
You visited 1 branch of the dungeon, and saw 2 of its levels.

You collected 144 gold pieces.

Inventory:

Hand Weapons
 a - a +0 war axe (weapon)
 p - a +0 whip
Missiles
 f - 2 boomerangs (quivered)
 o - 2 throwing nets
Armour
 b - a +0 scale mail (worn)
 c - a +0 buckler (worn)
 e - a +0 helmet (worn)
Jewellery
 n - a ring of magical power (left hand)
Scrolls
 g - a scroll of fear {unknown}
 m - a scroll of enchant armour {unknown}
 q - a scroll of amnesia {unknown}
 r - a scroll of identify {unknown}
 s - 3 scrolls of teleportation {unknown}
 t - 2 scrolls of fog {unknown}
 u - a scroll of torment {unknown}
Potions
 d - a potion of might
 h - a potion of attraction {unknown}
 i - a potion of experience {unknown}
 j - a potion of invisibility {unknown}
 k - a potion of flight {unknown}
 l - a potion of brilliance {unknown}


   Skills:
 + Level 4.5 Fighting
 + Level 4.7 Axes
 + Level 3.6 Armour
 + Level 3.8 Shields


You had 3 spell levels left.
You didn't know any spells.
Your spell library contained the following spells:

 Spells                   Type           Power      Damage    Failure   Level
 Sandblast                Erth           0%         2d4       85%         1
 Passwall                 Tmut/Erth      0%         N/A       94%         2
 Stone Arrow              Conj/Erth      0%         3d7       99%         3


Dungeon Overview and Level Annotations

Branches:
Dungeon (2/15)

Altars:
Ru


Innate Abilities, Weirdness & Mutations

You cannot study or use magical devices.


Message History

Things that are here:
a +0 dagger; a kobold skeleton
Found a scroll labelled ZUMILU IDGHEN.
A rat comes into view.
Found a scroll labelled PACOIN MID PIA.
Found 10 gold pieces.
The rat closely misses you.
You hit the rat.
You kill the rat!
A bat comes into view.
You see here a rat corpse.
The bat hits you but does no damage.
You closely miss the bat. You block the bat's attack.
You block the bat's attack.
You see here a scroll labelled ZUMILU IDGHEN.
The bat barely misses you. The bat hits you but does no damage.
You see here a scroll labelled ZUMILU IDGHEN.
You miss the bat.
You redirect the bat's attack!
The bat barely misses itself.
The bat hits you.
You slash the bat!
You kill the bat!
t - 2 scrolls labelled ZUMILU IDGHEN (gained 1)
You see here a bat corpse.
u - a scroll labelled PACOIN MID PIA You now have 144 gold pieces (gained 10).
Found a leather armour.
Okay, then.
There is a stone staircase leading up here.
You climb upwards.
There is a stone staircase leading down here.
You see here a +0 long sword.
You see here a +0 long sword.
There is a stone staircase leading down here.
There is a stone staircase leading down here.
There is a staircase leading out of the dungeon here.
You can't go down here!
Are you sure you want to leave the Dungeon?
This will make you lose the game!
You have escaped!

#.#.# #......#..[#
#.#.# #.######...#
....# #.# ###'#
##### #.# ##.# #
#.# #.## #
#.#######.# #
#......##'###
#######.####.....>#
........# #....@.#
######### #......#
########


There were no monsters in sight!

Vanquished Creatures
  5 gnolls
  2 dart slugs (D:1)
  An orc (D:2)
  4 bats
  6 endoplasms
  2 giant cockroaches
  4 goblins
  A hobgoblin (D:2)
  6 kobolds
  3 quokkas
  7 ball pythons
  2 frilled lizards (D:1)
  5 rats
48 creatures vanquished.

Notes
Turn   | Place    | Note
-------+----------+-------------------------------------------
     0 | D:1      | Sabo the Hill Orc Fighter began the quest for the Orb.
     0 | D:1      | Reached XP level 1. HP: 19/19 MP: 1/1
   208 | D:1      | Reached XP level 2. HP: 27/27 MP: 2/2
   578 | D:1      | Reached XP level 3. HP: 33/33 MP: 3/3
   922 | D:2      | Reached XP level 4. HP: 26/41 MP: 4/4
  1227 | D:2      | Found a faded altar of an unknown god.
  1239 | D:2      | Prayed at the altar of an unknown god.
  1239 | D:2      | Became a worshipper of Ru the Awakened
  1253 | D:2      | Gained mutation: You cannot study or use magical devices.
                  | [Ru sacrifice]
  1253 | D:2      | Reached * piety under Ru
  1253 | D:2      | Reached ** piety under Ru
  1764 | D:$      | Got out of the dungeon alive.

Illustrated notes

Levels and vault maps discovered:
D:1:      dpeg_arrival_connections, layout_loops_ring
D:2:      layout_rooms, shapermc_ecumenical_altar_mp_highgroup, nrook_campfire

Skill      XL: |  1  2  3 |
---------------+----------+-----
Axes           | 3 4 |  4.7
Fighting       | 4 |  4.5
Armour         | |  3.6
Shields        | |  3.8

Action                   |  1- 3 |  4- 6 || total
-------------------------+-------+-------++-------
Melee: War axe           |    64 |    62 ||   126
Invok: Sacrifice Artific |       |     1 ||     1
Armor: Scale mail        |    39 |    32 ||    71
Dodge: Dodged            |    36 |    28 ||    64
Block: Buckler           |    12 |    24 ||    36

Table legend: (Time is in decaauts)
 A = Elapsed time spent in this place.
 B = Non-inter-level travel time spent in this place.
 C = Inter-level travel time spent in this place.
 D = Time resting spent in this place.
 E = Time spent auto-exploring this place.
 F = Levels seen in this place.
 G = Mean time per level.
                   A        B        C        D        E       F      G
               +--------+--------+--------+--------+--------+-----+--------+
         Total |   1806 |   1806 |      0 |    284 |      0 |   2 |  903.0 |
       Dungeon |   1806 |   1806 |      0 |    284 |      0 |   2 |  903.0 |
               +--------+--------+--------+--------+--------+-----+--------+

Top non-repeatable levels by time:
     D:1: 964 daAuts
     D:2: 842 daAuts
